ORI
ARIZONA STATE UNIVERSITY SUN DEVILS @ UNIVERSITY OF MIAMI HURRICANES
09/05/2044
 
TOP OF THE 1ST
Arizona State University Sun Devils batting - Pitching for University of Miami Hurricanes : RHP François Leclerc
Pitching: RHP François Leclerc
Batting: LHB Josh Corkery 0-0: Ball
1-0: Swinging Strike
1-1: Foul Ball, location: 2F
1-2: Ball
2-2: Foul Ball, location: 2F
2-2: Fly out, F5 (Popup, 5SF, EV 70.0 MPH)
Batting: RHB Toshikatsu Omori 0-0: Ball
1-0: Foul Ball, location: 2F
1-1: Fly out, F8 (Line Drive, 8RD, EV 90.0 MPH)
Batting: LHB Travis Hahn 0-0: Ball
1-0: Ball
2-0: Ball
3-0: Base on Balls
Batting: LHB Pedro Garza 0-0: SINGLE (Groundball, 34D, EV 108.8 MPH)
Travis Hahn to second
Runner from 2nd tries for 3rd, SAFE, throw by RF made to third
Batting: RHB Yasutaka Yamasaki 0-0: Ball
1-0: SINGLE (Groundball, 56D, EV 106.9 MPH)
Travis Hahn scores
Pedro Garza to second
Batting: RHB Wil Ochoa 0-0: Ball
1-0: Ground out U3 (Groundball, 3L, EV 90.6 MPH)
Top of the 1st over - 1 run, 2 hits, 0 errors, 2 left on base; Arizona State University 1 - University of Miami 0
BOTTOM OF THE 1ST
University of Miami Hurricanes batting - Pitching for Arizona State University Sun Devils : LHP Manny Muniz
Pitching: LHP Manny Muniz
Batting: LHB Timotheus Young 0-0: Ground out 5-3 (Groundball, 56, EV 90.0 MPH)
Batting: RHB Guo Kwok 0-0: Called Strike
0-1: Called Strike
0-2: Ball
1-2: Ball
2-2: Strikes out swinging
Batting: RHB Akira Kubo 0-0: Called Strike
0-1: Fly out, F7 (Flyball, 78D, EV 101.9 MPH)
Bottom of the 1st over - 0 runs, 0 hits, 0 errors, 0 left on base; Arizona State University 1 - University of Miami 0
TOP OF THE 2ND
Arizona State University Sun Devils batting - Pitching for University of Miami Hurricanes : RHP François Leclerc
Batting: RHB John Moore 0-0: Called Strike
0-1: Fly out, F4 (Popup, 34S, EV 82.5 MPH)
Batting: RHB Fernando Lara 0-0: Ball
1-0: Called Strike
1-1: Ball
2-1: SOLO HOME RUN (Line Drive, 7LD, EV 98.8 MPH), Distance : 356 ft
Batting: RHB Charles Mealer 0-0: Ball
1-0: SINGLE (Line Drive, 34D, EV 97.5 MPH)
Batting: LHB Josh Corkery 0-0: SINGLE (Line Drive, 34, EV 107.5 MPH)
Charles Mealer to second
Runner from 2nd tries for 3rd, SAFE, throw by RF made to third
Batting: RHB Toshikatsu Omori 0-0: Ball
Josh Corkery steals 2nd, throwing error, E2
Charles Mealer scores
Josh Corkery to third
1-0: Called Strike
1-1: SINGLE (Groundball, 34D, EV 108.8 MPH)
Josh Corkery scores
Batting: LHB Travis Hahn 0-0: Ball
1-0: Fielders Choice at 2nd, 5-4 (Groundball, 56, EV 87.5 MPH)
Batting: LHB Pedro Garza 0-0: Ground out 4-3 (Groundball, 4, EV 80.0 MPH)
Top of the 2nd over - 3 runs, 4 hits, 1 error, 1 left on base; Arizona State University 4 - University of Miami 0
BOTTOM OF THE 2ND
University of Miami Hurricanes batting - Pitching for Arizona State University Sun Devils : LHP Manny Muniz
Batting: RHB Cesar Rendon 0-0: Ball
1-0: Foul Ball, location: 2F
1-1: Foul Ball, location: 2F
1-2: Ground out 6-3 (Groundball, 6, EV 88.8 MPH)
Batting: LHB Kiyosumi Yoshioka 0-0: Ball
1-0: Ball
2-0: Ball
3-0: Base on Balls
Batting: RHB Jaylen Buckley 0-0: Ball
1-0: Ball
2-0: Fielders Choice at 2nd, 5-4 (Groundball, 56, EV 95.6 MPH)
Batting: SHB Dan Strickland 0-0: Foul Ball, location: 2F
0-1: Ball
1-1: Swinging Strike
1-2: Ball
2-2: Reached on error, E4 (Groundball, 4, EV 86.9 MPH)
Jaylen Buckley to third
Batting: SHB Jason Marano 0-0: Called Strike
0-1: Ball
1-1: Ball
2-1: Ball
3-1: Foul Ball, location: 2F
3-2: SINGLE (Groundball, 4D, EV 94.4 MPH)
Jaylen Buckley scores
Dan Strickland to third
Batting: RHB Juan Medina 0-0: SINGLE (Line Drive, 89S, EV 96.9 MPH)
Dan Strickland scores
Jason Marano to second
Runner from 2nd tries for 3rd, SAFE, throw by CF made to third
Batting: LHB Timotheus Young 0-0: Called Strike
0-1: Ball
1-1: SINGLE (Flyball, 3D, EV 93.8 MPH)
Jason Marano scores
Juan Medina to second
Runner from 2nd tries for 3rd, SAFE, throw by RF made to third
Batting: RHB Guo Kwok 0-0: Called Strike
0-1: Ball
1-1: Ball
2-1: Swinging Strike
2-2: Ball
3-2: Ground out 6-3 (Groundball, 6, EV 89.4 MPH)
Bottom of the 2nd over - 3 runs, 3 hits, 1 error, 2 left on base; Arizona State University 4 - University of Miami 3
TOP OF THE 3RD
Arizona State University Sun Devils batting - Pitching for University of Miami Hurricanes : RHP François Leclerc
Batting: RHB Yasutaka Yamasaki 0-0: Fly out, F9 (Flyball, 9, EV 94.4 MPH)
Batting: RHB Wil Ochoa 0-0: Ball
1-0: Foul Ball, location: 2F
1-1: Called Strike
1-2: Foul Ball, location: 2F
1-2: Strikes out looking
Batting: RHB John Moore 0-0: Ball
1-0: Foul Ball, location: 2F
1-1: Fly out, F3 (Popup, 34, EV 65.6 MPH)
Top of the 3rd over - 0 runs, 0 hits, 0 errors, 0 left on base; Arizona State University 4 - University of Miami 3
BOTTOM OF THE 3RD
University of Miami Hurricanes batting - Pitching for Arizona State University Sun Devils : LHP Manny Muniz
Batting: RHB Akira Kubo 0-0: Called Strike
0-1: Ball
1-1: Swinging Strike
1-2: SINGLE (Groundball, 6D, EV 99.4 MPH)
Batting: RHB Cesar Rendon 0-0: Fielders Choice at 2nd, 4-6 (Groundball, 4, EV 101.3 MPH)
Batting: LHB Kiyosumi Yoshioka 0-0: Called Strike
0-1: Fly out, F8 (Flyball, 8LXD, EV 101.3 MPH)
Batting: RHB Jaylen Buckley 0-0: Called Strike
0-1: Ground out 6-3 (Groundball, 4MS, EV 92.5 MPH)
Bottom of the 3rd over - 0 runs, 1 hit, 0 errors, 1 left on base; Arizona State University 4 - University of Miami 3
TOP OF THE 4TH
Arizona State University Sun Devils batting - Pitching for University of Miami Hurricanes : RHP François Leclerc
Batting: RHB Fernando Lara 0-0: Called Strike
0-1: SINGLE (Line Drive, 6D, EV 106.9 MPH)
Batting: RHB Charles Mealer 0-0: Ball
1-0: 2-RUN HOME RUN (Flyball, 7LD, EV 96.9 MPH), Distance : 345 ft
Batting: LHB Josh Corkery 0-0: Foul Ball, location: 2F
0-1: Ground out 6-3 (Groundball, 6, EV 80.6 MPH)
Batting: RHB Toshikatsu Omori 0-0: Foul Ball, location: 2F
0-1: Ball
1-1: Ball
2-1: Ground out 5-3 (Groundball, 56D, EV 108.8 MPH)
Batting: LHB Travis Hahn 0-0: Ball
1-0: Called Strike
1-1: Swinging Strike
1-2: Ball
2-2: Strikes out swinging
Top of the 4th over - 2 runs, 2 hits, 0 errors, 0 left on base; Arizona State University 6 - University of Miami 3
BOTTOM OF THE 4TH
University of Miami Hurricanes batting - Pitching for Arizona State University Sun Devils : LHP Manny Muniz
Batting: SHB Dan Strickland 0-0: Ball
1-0: Ground out U3 (Groundball, 34, EV 87.5 MPH)
Batting: SHB Jason Marano 0-0: Called Strike
0-1: Ball
1-1: SINGLE (Groundball, 56S, EV 72.5 MPH) (infield hit)
Batting: RHB Juan Medina 0-0: Ball
1-0: Swinging Strike
1-1: Ball
2-1: Fly out, F8 (Flyball, 8LM, EV 89.4 MPH)
Batting: LHB Timotheus Young 0-0: Called Strike
0-1: Called Strike
0-2: Strikes out swinging
Bottom of the 4th over - 0 runs, 1 hit, 0 errors, 1 left on base; Arizona State University 6 - University of Miami 3
TOP OF THE 5TH
Arizona State University Sun Devils batting - Pitching for University of Miami Hurricanes : RHP François Leclerc
Pitching: RHP Robby Arce
Batting: LHB Pedro Garza 0-0: DOUBLE (Flyball, 78D, EV 106.3 MPH)
Batting: RHB Yasutaka Yamasaki 0-0: Called Strike
0-1: Ball
Passed Ball!
Pedro Garza to third
1-1: Called Strike
1-2: Foul Ball, location: 2F
1-2: Ball
2-2: Fly out, F7 (Flyball, 7S, EV 91.3 MPH)
Batting: RHB Wil Ochoa 0-0: Ball
1-0: Foul Ball, location: 2F
1-1: Foul Ball, location: 2F
1-2: Ball
2-2: Ball
3-2: Foul Ball, location: 2F
3-2: Base on Balls
Batting: RHB John Moore 0-0: Ball
Wil Ochoa steals 2nd, throwing error, E2
Pedro Garza scores
Wil Ochoa to third
1-0: Fly out, F9 (Line Drive, 9D, EV 95.6 MPH)
Runner from 3rd tags up, SCORES, no throw by RF
Batting: RHB Fernando Lara 0-0: Called Strike
0-1: Called Strike
0-2: Ball
1-2: Strikes out swinging
Top of the 5th over - 2 runs, 1 hit, 1 error, 0 left on base; Arizona State University 8 - University of Miami 3
BOTTOM OF THE 5TH
University of Miami Hurricanes batting - Pitching for Arizona State University Sun Devils : LHP Manny Muniz
Batting: RHB Guo Kwok 0-0: Ball
1-0: SINGLE (Line Drive, 7LS, EV 93.1 MPH)
Batting: RHB Akira Kubo 0-0: Fielders Choice at 2nd, 5-4 (Groundball, 5, EV 103.8 MPH)
Batting: RHB Cesar Rendon 0-0: SINGLE (Line Drive, 9S, EV 100.0 MPH)
Akira Kubo to second
Batting: LHB Kiyosumi Yoshioka 0-0: Ball
1-0: Called Strike
1-1: SINGLE (Groundball, 56D, EV 106.9 MPH)
Akira Kubo to third
Cesar Rendon to second
Runner from 3rd tries for Home, SAFE, throw by LF to home
Batting: RHB Jaylen Buckley 0-0: Swinging Strike
0-1: Called Strike
0-2: Ball
1-2: Foul Ball, location: 2F
1-2: Ball
2-2: Strikes out swinging
Batting: SHB Dan Strickland 0-0: Ball
1-0: Ball
2-0: Ground out U3 (Groundball, 34S, EV 92.5 MPH)
Bottom of the 5th over - 1 run, 3 hits, 0 errors, 2 left on base; Arizona State University 8 - University of Miami 4
TOP OF THE 6TH
Arizona State University Sun Devils batting - Pitching for University of Miami Hurricanes : RHP Robby Arce
Batting: RHB Charles Mealer 0-0: Called Strike
0-1: Ball
1-1: Foul Ball, location: 2F
1-2: Fly out, F8 (Flyball, 8LM, EV 93.8 MPH)
Batting: LHB Josh Corkery 0-0: Swinging Strike
0-1: Ground out 4-3 (Groundball, 4, EV 85.6 MPH)
Batting: RHB Toshikatsu Omori 0-0: Ball
1-0: Ball
2-0: Called Strike
2-1: Ball
3-1: Swinging Strike
3-2: Fly out, F8 (Line Drive, 8RS, EV 91.3 MPH)
Top of the 6th over - 0 runs, 0 hits, 0 errors, 0 left on base; Arizona State University 8 - University of Miami 4
BOTTOM OF THE 6TH
University of Miami Hurricanes batting - Pitching for Arizona State University Sun Devils : LHP Manny Muniz
Pitching: LHP Jin-song Lim
Batting: SHB Jason Marano 0-0: Fly out, F9 (Flyball, 89M, EV 83.1 MPH)
Batting: RHB Juan Medina 0-0: Ball
1-0: Ball
2-0: SINGLE (Line Drive, 3D, EV 100.6 MPH)
Batting: LHB Timotheus Young 0-0: Ball
1-0: Ball
2-0: Foul Ball, location: 2F
2-1: Ball
3-1: Base on Balls
Juan Medina to second
Batting: RHB Guo Kwok 0-0: Ball
Passed Ball!
Juan Medina to third
Timotheus Young to second
1-0: Ground out 5-3 (Groundball, 56S, EV 88.8 MPH)
Juan Medina scores
Batting: RHB Akira Kubo 0-0: SINGLE (Line Drive, 9S, EV 96.9 MPH)
Timotheus Young to third
Batting: RHB Cesar Rendon 0-0: DOUBLE (Line Drive, 89D, EV 113.8 MPH)
Timotheus Young scores
Akira Kubo to third
Runner from 3rd tries for Home, SAFE, throw by RF to trailing runner, OUT at third! 9-3-5
Bottom of the 6th over - 3 runs, 3 hits, 0 errors, 0 left on base; Arizona State University 8 - University of Miami 7
TOP OF THE 7TH
Arizona State University Sun Devils batting - Pitching for University of Miami Hurricanes : RHP Robby Arce
Batting: LHB Travis Hahn 0-0: Called Strike
0-1: Foul Ball, location: 2F
0-2: Ball
1-2: Strikes out swinging
Batting: LHB Pedro Garza 0-0: Ball
1-0: Ball
2-0: Ball
3-0: Base on Balls
Batting: RHB Yasutaka Yamasaki 0-0: Called Strike
0-1: Called Strike
0-2: Fly out, F7 (Flyball, 78S, EV 81.3 MPH)
Batting: RHB Wil Ochoa 0-0: Fly out, F8 (Line Drive, 8RD, EV 95.0 MPH)
Top of the 7th over - 0 runs, 0 hits, 0 errors, 1 left on base; Arizona State University 8 - University of Miami 7
BOTTOM OF THE 7TH
University of Miami Hurricanes batting - Pitching for Arizona State University Sun Devils : LHP Jin-song Lim
Pitching: RHP Craig Painter
Batting: LHB Kiyosumi Yoshioka 0-0: Ball
1-0: Ball
2-0: Ball
3-0: Called Strike
3-1: SINGLE (Flyball, 8LS, EV 85.6 MPH)
Batting: RHB Jaylen Buckley 0-0: Ball
1-0: Ball
2-0: Ball
3-0: Base on Balls
Kiyosumi Yoshioka to second
Pinch Hitting: LHB Eric Willis 0-0: Bunted foul
0-1: Bunt missed!
0-2: Ball
1-2: Foul Ball, location: 2F
1-2: Fielders Choice at 2nd, 6-4 (Groundball, 6, EV 92.5 MPH)
Kiyosumi Yoshioka to third
Pinch Hitting: RHB Carlos Almada 0-0: Ball
1-0: DOUBLE (Line Drive, 89D, EV 103.8 MPH)
Kiyosumi Yoshioka scores
Eric Willis to third
Batting: RHB Andy Baumhardt 0-0: Intentional Walk
Pinch Hitting: RHB Robby Sandez 0-0: Fly out, F5 (Line Drive, 5, EV 72.5 MPH)
Batting: RHB Guo Kwok 0-0: Ball
1-0: Ball
2-0: Called Strike
2-1: Foul Ball, location: 2F
2-2: SINGLE (Groundball, 56D, EV 94.4 MPH)
Eric Willis scores
Carlos Almada to third
Andy Baumhardt to second
Runner from 3rd tries for Home, SAFE, throw by LF to home
Batting: RHB Akira Kubo 0-0: Ball
1-0: Fielders Choice at 2nd, 5-4 (Groundball, 5, EV 98.1 MPH)
Bottom of the 7th over - 3 runs, 3 hits, 0 errors, 2 left on base; Arizona State University 8 - University of Miami 10
TOP OF THE 8TH
Arizona State University Sun Devils batting - Pitching for University of Miami Hurricanes : RHP Robby Arce
Pitching: RHP Brian Jarrett
Now at 3B: Jose Eureste
Now at SS: Sergio Villalvoz
Now in LF: Kiyosumi Yoshioka
Now in CF: Earl Crabtree
Now in RF: Eric Willis
Pinch Hitting: RHB Mike Samson 0-0: SINGLE (Groundball, 56, EV 106.9 MPH)
Pinch Hitting: RHB Akichika Yamano 0-0: Ball
1-0: SINGLE (Groundball, 56S, EV 68.8 MPH) (infield hit)
Mike Samson to second
Batting: RHB Charles Mealer 0-0: Ball
1-0: Ball
2-0: Ball
3-0: Base on Balls
Mike Samson to third
Akichika Yamano to second
Pinch Hitting: RHB Marco Plata 0-0: Ball
1-0: Foul Ball, location: 2F
1-1: Foul Ball, location: 2F
1-2: Foul Ball, location: 2F
1-2: Foul Ball, location: 2F
1-2: GRAND SLAM HOME RUN (Flyball, 78XD, EV 100.0 MPH), Distance : 399 ft
Pitching: RHP Jose Robles
Batting: RHB Toshikatsu Omori 0-0: Ball
1-0: Called Strike
1-1: Ball
2-1: Foul Ball, location: 2F
2-2: Ball
3-2: Foul Ball, location: 2F
3-2: Strikes out swinging
Batting: LHB Travis Hahn 0-0: Called Strike
0-1: Ball
1-1: Foul Ball, location: 2F
1-2: Foul Ball, location: 2F
1-2: Foul Ball, location: 2F
1-2: Ball
2-2: Foul Ball, location: 2F
2-2: Strikes out looking
Batting: LHB Pedro Garza 0-0: Called Strike
0-1: Fly out, F4 (Flyball, 34D, EV 83.1 MPH)
Top of the 8th over - 4 runs, 3 hits, 0 errors, 0 left on base; Arizona State University 12 - University of Miami 10
BOTTOM OF THE 8TH
University of Miami Hurricanes batting - Pitching for Arizona State University Sun Devils : RHP Craig Painter
Pitching: RHP Jim Haggart
Now at 3B: Jeff Callagy
Now at SS: Dominique Lecoq
Now in LF: Kazuyoshi Ikeda
Batting: RHB Earl Crabtree 0-0: Ball
1-0: Foul Ball, location: 2F
1-1: Foul Ball, location: 2F
1-2: Ball
2-2: Strikes out swinging
Batting: LHB Kiyosumi Yoshioka 0-0: Called Strike
0-1: Foul Ball, location: 2F
0-2: Ball
1-2: Foul Ball, location: 2F
1-2: Strikes out swinging
Batting: RHB Jaylen Buckley 0-0: Called Strike
0-1: Ball
1-1: Swinging Strike
1-2: Strikes out swinging
Bottom of the 8th over - 0 runs, 0 hits, 0 errors, 0 left on base; Arizona State University 12 - University of Miami 10
TOP OF THE 9TH
Arizona State University Sun Devils batting - Pitching for University of Miami Hurricanes : RHP Jose Robles
Pitching: LHP Min Xue
Batting: RHB Yasutaka Yamasaki 0-0: Called Strike
0-1: Swinging Strike
0-2: Strikes out swinging
Batting: RHB Wil Ochoa 0-0: Called Strike
0-1: Called Strike
0-2: Foul Ball, location: 2F
0-2: Ground out 1-3 (Groundball, 23, EV 71.9 MPH)
Batting: SHB Jeff Callagy 0-0: Ball
1-0: Foul Ball, location: 2F
1-1: Ball
2-1: Called Strike
2-2: SINGLE (Groundball, 6S, EV 68.1 MPH) (infield hit)
Batting: LHB Dominique Lecoq 0-0: Hit by Pitch
Jeff Callagy to second
Batting: RHB Charles Mealer 0-0: Called Strike
0-1: Foul Ball, location: 2F
0-2: Strikes out swinging
Top of the 9th over - 0 runs, 1 hit, 0 errors, 2 left on base; Arizona State University 12 - University of Miami 10
BOTTOM OF THE 9TH
University of Miami Hurricanes batting - Pitching for Arizona State University Sun Devils : RHP Jim Haggart
Pitching: RHP Bobby Servin
Now at 2B: Dominique Lecoq
Now at SS: George Wills
Now in RF: Bobby Dunn
Batting: LHB Eric Willis 0-0: SINGLE (Groundball, 56D, EV 95.6 MPH)
Pinch Hitting: RHB Daniel Molina 0-0: Called Strike
0-1: Swinging Strike
0-2: Foul Ball, location: 2F
0-2: Strikes out swinging
Batting: RHB Andy Baumhardt 0-0: Swinging Strike
0-1: Ball
1-1: Swinging Strike
1-2: Strikes out looking
Pinch Hitting: RHB Mark Austen 0-0: Ball
1-0: Called Strike
1-1: Ball
2-1: Ball
3-1: Called Strike
3-2: Foul Ball, location: 2F
3-2: Strikes out swinging
Bottom of the 9th over - 0 runs, 1 hit, 0 errors, 1 left on base; Arizona State University 12 - University of Miami 10
Thursday, March 31st , 2022 - OOTP Baseball 22.12 Build 89